Map: Nightshade LE

Players

Obsirver - Winner!

  • Race: Protoss Protoss
  • League: Master
  • Spawn Location: 5:00

Osiris

  • Race: Terran Terran
  • League: Diamond
  • Spawn Location: 11:00

VOD

Have the link to the VOD?

Description

Time

  • Played on: Feb. 15, 2020, 2:49 p.m.
  • Length: 12:21
Show
View Real Time Build Order
Export as new Build Order

Obsirver Protoss - Winner!

Build Orders: 1 Gate Expand, Blink Stalkers 

Get SALT Encoding   

  12  0:01  Probe  
  13  0:13  Probe  
  14  0:18  Pylon  
  14  0:25  Probe  
  15  0:37  Probe (Chrono Boost), Gateway  
  16  0:48  Probe (Chrono Boost), Assimilator  
  17  0:53  Probe (Chrono Boost)  
  18  1:03  Probe  
  19  1:16  Probe  
  20  1:24  Nexus  
  20  1:35  Cybernetics Core  
  20  1:37  Probe  
  21  1:41  Assimilator  
  21  1:49  Pylon  
  21  1:52  Probe  
  22  2:04  Probe  
  23  2:11  Warp Gate  
  23  2:14  Stalker (Chrono Boost)  
  23  2:16  Probe  
  26  2:28  Probe  
  27  2:33  Twilight Council  
  27  2:40  Probe  
  27  2:44  Probe (Chrono Boost)  
  27  2:46  Stalker  
  30  2:53  Probe (Chrono Boost)  
  30  2:56  Probe (Chrono Boost)  
  32  3:02  Probe (Chrono Boost)  
  32  3:04  Probe (Chrono Boost)  
  34  3:07  Probe (Chrono Boost)  
  34  3:09  Pylon  
  34  3:10  Blink (Chrono Boost)  
  36  3:15  Probe (Chrono Boost)  
  36  3:18  Probe (Chrono Boost)  
  37  3:24  Sentry  
  37  3:26  Probe (Chrono Boost)  
  41  3:27  Probe (Chrono Boost)  
  41  3:29  Assimilator  
  41  3:33  Probe, Assimilator  
  42  3:40  Robotics Facility  
  42  3:42  Probe  
  42  3:45  Probe (Chrono Boost)  
  44  3:54  Probe (Chrono Boost)  
  46  4:03  Probe (Chrono Boost)  
  46  4:04  Probe (Chrono Boost)  
  46  4:05  Gateway  
  46  4:08  Gateway  
  46  4:09  Probe (Chrono Boost)  
  48  4:16  Probe  
  49  4:20  Phoenix  
  49  4:21  Probe  
  50  4:28  Probe, Observer  
  52  4:33  Probe  
  52  4:36  Pylon  
  53  4:40  Probe, Pylon  
  54  4:49  Nexus  
  54  4:54  Probe x2, Observer  
  57  5:03  Stalker x3  
  57  5:06  Probe x2  
  65  5:10  Charge  
  65  5:18  Probe x2  
  67  5:26  Stalker  
  69  5:32  Pylon  
  69  5:33  Probe, Pylon  
  70  5:41  Forge  
  70  5:42  Forge  
  70  5:44  Gateway, Pylon  
  70  5:46  Gateway  
  70  5:48  Gateway, Pylon  
  70  5:50  Probe x2, Observer  
  70  5:55  Gateway  
  73  5:58  Gateway  
  73  6:00  Probe  
  73  6:02  Probe x2  
  76  6:09  Stalker  
  78  6:12  Probe  
  78  6:14  Probe x2  
  81  6:22  Stalker  
  81  6:23  Stalker  
  81  6:24  Probe  
  86  6:26  Protoss Ground Weapons Level 1 (Chrono Boost), Probe x2  
  86  6:27  Assimilator, Protoss Ground Armor Level 1 (Chrono Boost)  
  86  6:29  Assimilator  
  88  6:36  Probe  
  88  6:38  Probe x2  
  89  6:49  Probe  
  82  7:15  Stalker x8  
  94  7:19  Probe x3  
  97  7:29  Immortal (Chrono Boost)  
  97  7:35  Nexus, Pylon  
  101  7:37  Robotics Facility  
  101  7:39  Pylon  
  101  7:40  Probe  
  101  7:41  Probe x2, Assimilator  
  101  7:43  Assimilator  
  104  7:48  Pylon  
  104  7:50  Pylon  
  104  7:53  Probe, Gateway  
  104  7:55  Probe x2, Gateway  
  104  7:57  Gateway  
  107  7:58  Pylon  
  107  7:59  Gateway  
  107  8:05  Probe  
  108  8:06  Photon Cannon  
  108  8:07  Probe  
  108  8:09  Photon Cannon  
  108  8:10  Photon Cannon  
  109  8:14  Photon Cannon x2  
  109  8:18  Photon Cannon  
  109  8:21  Templar Archives  
  108  8:37  Zealot x3  
  108  8:38  Zealot x5  
  95  8:51  Zealot x2  
  85  8:59  Zealot x2  
  85  9:00  Zealot x8  
  95  9:12  Probe x2  
  95  9:13  Probe x2  
  95  9:15  Zealot x2  
  87  9:24  Probe, Protoss Ground Weapons Level 2 (Chrono Boost)  
  87  9:25  Probe x2, Protoss Ground Armor Level 2 (Chrono Boost)  
  87  9:29  Psionic Storm  
  90  9:31  Probe  
  90  9:36  Probe  
  90  9:37  Probe  
  93  9:44  High Templar  
  93  9:45  High Templar x3  
  101  9:46  High Templar x2  
  101  9:48  Stalker  
  101  9:49  Stalker x2  
  101  9:52  Immortal (Chrono Boost)  
  111  9:57  Immortal (Chrono Boost)  
  119  10:05  High Templar x2  
  123  10:09  Archon  
  123  10:13  Probe x2  
  125  10:20  High Templar x4  
  133  10:24  Zealot x6  
  136  10:35  Probe  
  136  10:36  Probe x3  
  136  10:39  Pylon  
  136  10:41  Photon Cannon  
  140  10:49  Archon  
  140  10:50  Archon  
  140  10:57  Nexus  
  140  10:59  High Templar x3  
  140  11:00  Pylon, High Templar  
  140  11:03  Archon, Pylon  
  148  11:04  Archon  
  148  11:06  Assimilator, High Templar x2  
  148  11:07  High Templar x2  
  148  11:08  High Templar x2  
  148  11:09  Zealot x2  
  148  11:10  Archon, Assimilator  
  148  11:11  Archon, Warp Prism (Chrono Boost)  
  164  11:12  Archon  
  164  11:14  Immortal (Chrono Boost)  
  148  11:38  Zealot x7  
  148  11:39  Zealot x3  
  168  11:40  Zealot x2  
  150  12:14  Zealot x11  
  150  12:15  Zealot  
Show
View Real Time Build Order
Export as new Build Order

Osiris Terran 

Build Orders: Hellion Opening, Reaper Expand, Mech 

Get SALT Encoding   

  12  0:00  SCV  
  13  0:13  SCV  
  14  0:17  Supply Depot  
  14  0:25  SCV  
  15  0:39  SCV  
  15  0:41  Barracks  
  16  0:44  Refinery  
  16  0:52  SCV  
  17  1:04  SCV  
  18  1:16  SCV  
  19  1:35  Orbital Command  
  19  1:36  Reaper  
  20  1:44  Command Center  
  20  1:53  Supply Depot  
  20  2:02  SCV  
  20  2:08  Marine  
  22  2:14  SCV  
  23  2:18  Factory  
  23  2:20  Refinery  
  23  2:26  SCV  
  23  2:27  Barracks Reactor  
  24  2:38  SCV  
  25  2:50  SCV  
  26  2:55  Orbital Command  
  26  3:02  SCV  
  27  3:07  Starport  
  27  3:10  Hellion x2  
  31  3:14  SCV  
  32  3:21  Barracks Tech Lab  
  32  3:22  SCV  
  32  3:26  SCV, Supply Depot  
  34  3:31  Hellion x2  
  38  3:34  SCV  
  38  3:38  SCV  
  40  3:46  SCV  
  41  3:48  Supply Depot  
  41  3:49  Raven  
  41  3:52  SCV  
  41  3:53  Refinery, Hellion x2  
  48  4:00  SCV  
  49  4:08  SCV  
  50  4:10  Supply Depot  
  50  4:13  SCV  
  50  4:20  Hellion x2  
  50  4:21  SCV  
  55  4:25  SCV  
  56  4:32  Barracks Tech Lab, Viking  
  56  4:33  SCV, Factory x2  
  56  4:37  Supply Depot  
  59  4:43  Hellion  
  61  4:46  SCV  
  62  4:58  SCV  
  63  5:01  Command Center  
  63  5:02  SCV  
  63  5:06  Refinery  
  64  5:13  SCV  
  65  5:18  Hellion x2  
  69  5:24  Siege Tank  
  69  5:25  SCV, Siege Tank  
  69  5:26  SCV  
  77  5:34  Supply Depot  
  77  5:36  Armory, Supply Depot  
  77  5:41  SCV  
  78  5:49  Starport Reactor, Barracks Tech Lab  
  78  5:50  Infernal Pre-Igniter  
  78  5:51  Factory  
  78  5:52  Factory  
  78  5:56  SCV x2  
  82  6:03  Siege Tank  
  83  6:06  Hellion x2  
  87  6:13  Siege Tank  
  87  6:16  SCV  
  89  6:25  Terran Vehicle Weapons Level 1  
  89  6:29  Hellion x2  
  93  6:40  Siege Tank  
  92  6:58  Siege Tank  
  92  6:59  Hellion x2  
  92  7:00  Hellion x2, Siege Tank  
  104  7:07  SCV x2, Orbital Command  
  104  7:08  Supply Depot  
  104  7:09  Supply Depot  
  104  7:13  Hellion x10  
  104  7:18  Refinery  
  104  7:19  SCV x2  
  104  7:20  Siege Tank  
  109  7:22  Refinery  
  109  7:30  Supply Depot  
  109  7:31  SCV, Supply Depot, Siege Tank  
  109  7:32  Hellion  
  115  7:37  Siege Tank  
  115  7:38  Hellion  
  115  7:39  SCV x2  
  122  7:56  Supply Depot x2, Siege Tank  
  122  7:57  Hellion x3  
  131  8:01  Hellion  
  131  8:03  Hellion  
  135  8:09  Hellion  
  137  8:17  SCV  
  137  8:19  Supply Depot x2  
  138  8:20  Terran Vehicle And Ship Armor Level 1  
  124  8:47  Siege Tank x2  
  124  8:48  Hellion x2, Siege Tank  
  118  9:01  Hellion x2  
  112  9:09  Hellion  
  105  9:10  Hellion  
  94  9:19  Siege Tank, Smart Servos  
  94  9:20  Hellion x2  
  94  9:21  SCV  
  94  9:22  SCV, Hellion x2  
  95  9:31  Hellion, Factory  
  97  9:32  Hellion, Factory x2  
  97  9:35  Hellion x4  
  99  9:41  Hellion  
  99  9:45  Armory  
  101  9:47  Siege Tank  
  101  9:48  Hellion x2  
  101  9:49  SCV  
  109  9:54  Hellion x2, Siege Tank  
  109  9:57  Command Center  
  116  10:05  Siege Tank  
  119  10:09  SCV x2  
  119  10:10  SCV  
  119  10:12  Hellion x2  
  126  10:15  Factory Tech Lab  
  126  10:16  Factory Tech Lab, Factory Reactor  
  118  10:36  Siege Tank x3  
  118  10:37  Hellion x4  
  135  10:56  Hellion x2  
  141  10:57  Hellion  
  141  10:59  Hellion  
  141  11:00  Hellion x2  
  147  11:05  Engineering Bay  
  136  11:29  Siege Tank x3  
  136  11:30  Hellion x2, Siege Tank x2  
  136  11:31  Hellion x2  
  136  11:32  Hellion x2  
  128  11:36  Planetary Fortress, SCV  
  107  11:46  SCV  
  109  11:47  Refinery  
  109  11:48  Refinery  
Tags
 
Add a new tag
Caveats
  • Supply blocks, unpowered buildings, or Contaminate may cause inaccurate times.
  • Supply counts are checked every 10 seconds.